[ PARTIDA AOE2 · #473669986 ]
Team RMGurjaras vs Britons
[ ANÁLISIS DE REPETICIÓN · EXTRAÍDO DE LA PARTIDA GRABADA ]
Feudal
11:02
Castillos
14:44
Imperial
30:37
| APM promedio | 40.2 |
| APM pico | 92 |
| eAPM promedio | 21.8 |
| Aldeanos / militares | 168 / 103 |
Foco
⚔️ 28.1% · 🌾 71.9%
Elephant Archer ×85 · Scout Cavalry ×9 · Trebuchet (Packed) ×4 · Monk ×2 · Bombard Cannon ×2 · Shrivamsha Rider ×1
Feudal
10:56
Castillos
14:33
Imperial
32:22
| APM promedio | 52.8 |
| APM pico | 93 |
| eAPM promedio | 31.8 |
| Aldeanos / militares | 173 / 202 |
Foco
⚔️ 29.0% · 🌾 71.0%
Archer ×104 · Eagle Scout ×86 · Skirmisher ×6 · Trebuchet (Packed) ×6
Feudal
10:55
Castillos
14:31
Imperial
31:58
| APM promedio | 49.2 |
| APM pico | 101 |
| eAPM promedio | 30.8 |
| Aldeanos / militares | 183 / 81 |
Foco
⚔️ 23.8% · 🌾 76.2%
Longbowman ×81
Feudal
11:29
Castillos
15:22
Imperial
28:14
| APM promedio | 31.3 |
| APM pico | 73 |
| eAPM promedio | 19.6 |
| Aldeanos / militares | 145 / 179 |
Foco
⚔️ 30.6% · 🌾 69.4%
Eagle Scout ×100 · Militia ×62 · Battering Ram ×15 · Monk ×2
Mapa de la partida
Recursos iniciales + cada clic de construcción. Líneas = muros · curvas = relieve. ◆ oro · ⬟ piedra · ● bayas · ✦ reliquia · ◌ hueco del cierre
Tu base· ✓ Cerrada en 14:44 · 0t muro · 2 puerta(s)
Base de [OGL] ugur1616· ✓ Cerrada en 14:33 · 1t muro · 2 puerta(s)
Base de [OGL] antibiyotik· ✓ Cerrada en 14:31 · 0t muro · 2 puerta(s)
Base de The O.G. Manbeast· ✓ Cerrada en 15:22 · 0t muro · 2 puerta(s)
Terreno inicial suavizado · ◌ = hueco del cierre detectado · pasá el cursor para detalles
Inputs por minuto
— domhusk - - [OGL] ugur1616
Build order — domhusk
Primeras 150 de 408 acciones detectadas
| 0:00 | Crear | Villager (Male) |
| 0:00 | Crear | Villager (Male) |
| 0:02 | Construir | House |
| 0:02 | Crear | Villager (Male) |
| 0:03 | Construir | House |
| 0:03 | Crear | Villager (Male) |
| 0:45 | Construir | Mill |
| 1:41 | Crear | Villager (Male) |
| 2:01 | Crear | Villager (Male) |
| 2:30 | Crear | Villager (Male) |
| 2:57 | Crear | Villager (Male) |
| 2:57 | Crear | Villager (Male) |
| 3:06 | Construir | House |
| 3:41 | Construir | House |
| 3:48 | Crear | Villager (Male) |
| 3:51 | Crear | Villager (Male) |
| 3:55 | Crear | Villager (Male) |
| 4:12 | Crear | Villager (Male) |
| 4:35 | Construir | Lumber Camp |
| 5:32 | Crear | Villager (Male) |
| 5:39 | Crear | Villager (Male) |
| 5:46 | Crear | Villager (Male) |
| 6:41 | Crear | Villager (Male) |
| 6:49 | Crear | Villager (Male) |
| 7:06 | Construir | Mill |
| 7:22 | Construir | House |
| 7:34 | Crear | Villager (Male) |
| 7:57 | Crear | Villager (Male) |
| 7:58 | Crear | Villager (Male) |
| 8:08 | Construir | Mining Camp |
| 8:33 | Investigar | Feudal Age |
| 9:50 | Construir | Barracks |
| 9:56 | Crear | Villager (Male) |
| 9:57 | Crear | Villager (Male) |
| 11:02 | Edad | Edad Feudal |
| 11:07 | Construir | Stable |
| 11:13 | Construir | Market |
| 12:04 | Investigar | Castle Age |
| 12:31 | Investigar | Double-Bit Axe |
| 12:31 | Investigar | Horse Collar |
| 12:31 | Investigar | Horse Collar |
| 12:33 | Crear | Scout Cavalry |
| 12:42 | Construir | House |
| 12:43 | Construir | House |
| 13:25 | Crear | Scout Cavalry |
| 13:26 | Crear | Villager (Male) |
| 13:34 | Construir | Farm |
| 13:37 | Construir | Farm |
| 14:06 | Construir | House |
| 14:08 | Construir | House |
| 14:44 | Edad | Edad de los Castillos |
| 14:46 | Construir | Town Center |
| 14:48 | Crear | Villager (Male) |
| 14:49 | Investigar | Bow Saw |
| 14:55 | Investigar | Light Cavalry (upgrade) |
| 14:57 | Construir | Farm |
| 14:58 | Construir | Farm |
| 14:58 | Construir | Farm |
| 14:58 | Construir | Farm |
| 15:22 | Construir | Farm |
| 15:26 | Crear | Villager (Male) |
| 15:26 | Crear | Villager (Male) |
| 15:44 | Construir | Farm |
| 15:45 | Construir | Farm |
| 15:45 | Construir | Farm |
| 15:57 | Crear | Villager (Male) |
| 16:03 | Investigar | Loom |
| 16:07 | Construir | Farm |
| 16:58 | Crear | Villager (Male) |
| 16:58 | Crear | Villager (Male) |
| 16:59 | Crear | Villager (Male) |
| 17:02 | Crear | Villager (Male) |
| 17:05 | Construir | Town Center |
| 17:09 | Construir | Farm |
| 17:09 | Construir | Farm |
| 17:09 | Construir | Farm |
| 17:17 | Crear | Villager (Male) |
| 17:25 | Crear | Villager (Male) |
| 17:25 | Crear | Villager (Male) |
| 18:03 | Crear | Villager (Male) |
| 18:03 | Crear | Villager (Male) |
| 18:04 | Crear | Villager (Male) |
| 18:08 | Construir | Monastery |
| 18:12 | Construir | Farm |
| 18:20 | Crear | Villager (Male) |
| 18:20 | Crear | Villager (Male) |
| 18:29 | Crear | Villager (Male) |
| 18:31 | Crear | Villager (Male) |
| 18:34 | Construir | Farm |
| 18:41 | Construir | Farm |
| 18:46 | Construir | Farm |
| 18:47 | Crear | Villager (Male) |
| 18:51 | Crear | Villager (Male) |
| 18:59 | Crear | Villager (Male) |
| 19:12 | Crear | Monk |
| 19:15 | Crear | Villager (Male) |
| 19:17 | Construir | Farm |
| 19:26 | Crear | Villager (Male) |
| 19:27 | Crear | Villager (Male) |
| 19:32 | Crear | Villager (Male) |
| 19:36 | Construir | Farm |
| 19:37 | Construir | Farm |
| 19:43 | Construir | Farm |
| 19:44 | Construir | Farm |
| 19:57 | Crear | Shrivamsha Rider |
| 20:00 | Crear | Villager (Male) |
| 20:08 | Crear | Villager (Male) |
| 20:09 | Crear | Villager (Male) |
| 20:13 | Crear | Scout Cavalry |
| 20:15 | Crear | Monk |
| 20:22 | Crear | Villager (Male) |
| 20:26 | Construir | Farm |
| 20:27 | Construir | Farm |
| 20:27 | Construir | Farm |
| 20:27 | Construir | Farm |
| 20:27 | Construir | Farm |
| 20:28 | Crear | Villager (Male) |
| 20:29 | Crear | Villager (Male) |
| 20:29 | Crear | Villager (Male) |
| 20:40 | Crear | Villager (Male) |
| 20:53 | Crear | Villager (Male) |
| 20:57 | Construir | Lumber Camp |
| 21:01 | Construir | Blacksmith |
| 21:10 | Crear | Villager (Male) |
| 21:26 | Crear | Villager (Male) |
| 21:27 | Crear | Villager (Male) |
| 21:30 | Construir | House |
| 21:31 | Construir | Lumber Camp |
| 21:32 | Crear | Villager (Male) |
| 21:33 | Construir | House |
| 21:34 | Construir | House |
| 21:37 | Investigar | Wheelbarrow |
| 21:40 | Investigar | Town Watch |
| 21:41 | Crear | Villager (Male) |
| 21:50 | Construir | Farm |
| 21:50 | Construir | Farm |
| 21:50 | Construir | Farm |
| 21:51 | Construir | Farm |
| 21:51 | Crear | Villager (Male) |
| 21:58 | Crear | Villager (Male) |
| 22:11 | Investigar | Scale Barding Armor |
| 22:11 | Crear | Villager (Male) |
| 22:18 | Construir | Farm |
| 22:21 | Construir | Farm |
| 22:22 | Crear | Villager (Male) |
| 22:23 | Crear | Villager (Male) |
| 22:28 | Crear | Villager (Male) |
| 22:48 | Crear | Villager (Male) |
| 22:54 | Crear | Villager (Male) |
| 23:10 | Construir | Outpost |
Build order — [OGL] ugur1616
Primeras 150 de 437 acciones detectadas
| 0:01 | Investigar | Loom |
| 0:02 | Crear | Villager (Male) ×3 |
| 0:03 | Construir | House |
| 0:04 | Construir | House |
| 1:24 | Crear | Villager (Male) |
| 1:45 | Construir | Lumber Camp |
| 2:02 | Crear | Villager (Male) |
| 2:06 | Crear | Villager (Male) |
| 2:54 | Crear | Villager (Male) |
| 3:01 | Crear | Villager (Male) |
| 3:37 | Crear | Villager (Male) |
| 3:50 | Construir | House |
| 3:52 | Construir | House |
| 3:56 | Construir | Palisade Wall |
| 4:02 | Crear | Villager (Male) ×2 |
| 4:20 | Construir | Mill |
| 4:34 | Crear | Villager (Male) |
| 4:57 | Crear | Villager (Male) ×2 |
| 5:47 | Crear | Villager (Male) |
| 5:47 | Crear | Villager (Male) |
| 5:59 | Crear | Villager (Male) |
| 6:19 | Construir | Mill |
| 6:55 | Crear | Villager (Male) |
| 7:15 | Crear | Villager (Male) |
| 7:35 | Construir | Mining Camp |
| 8:04 | Investigar | Feudal Age |
| 8:13 | Crear | Villager (Male) |
| 8:13 | Investigar | Feudal Age |
| 9:55 | Construir | House |
| 10:56 | Crear | Villager (Male) |
| 10:56 | Crear | Villager (Male) |
| 10:56 | Edad | Edad Feudal |
| 10:59 | Construir | Market |
| 11:03 | Construir | Blacksmith |
| 11:27 | Investigar | Double-Bit Axe |
| 11:53 | Investigar | Castle Age |
| 11:59 | Construir | Barracks |
| 12:26 | Construir | Farm |
| 12:29 | Construir | Farm |
| 12:36 | Crear | Villager (Male) |
| 12:39 | Construir | House |
| 13:15 | Construir | Archery Range |
| 13:28 | Construir | Archery Range |
| 13:43 | Investigar | Fletching |
| 13:51 | Construir | House |
| 13:52 | Construir | House |
| 14:28 | Crear | Archer |
| 14:28 | Crear | Archer |
| 14:33 | Edad | Edad de los Castillos |
| 14:34 | Crear | Archer |
| 14:37 | Crear | Villager (Male) |
| 14:48 | Crear | Villager (Male) |
| 14:57 | Construir | Town Center |
| 15:05 | Crear | Villager (Male) |
| 15:09 | Construir | Farm |
| 15:15 | Crear | Archer |
| 15:15 | Crear | Archer |
| 15:34 | Construir | House |
| 15:35 | Construir | House |
| 15:38 | Crear | Archer ×2 |
| 15:54 | Crear | Villager (Male) |
| 15:57 | Construir | Farm |
| 17:00 | Crear | Villager (Male) |
| 17:03 | Investigar | Crossbowman (upgrade) |
| 17:04 | Crear | Archer |
| 17:05 | Crear | Archer |
| 17:05 | Crear | Archer |
| 17:14 | Construir | Farm |
| 17:15 | Construir | Farm |
| 17:15 | Construir | Farm |
| 17:15 | Construir | Farm |
| 17:16 | Construir | Farm |
| 17:16 | Construir | Farm |
| 17:16 | Construir | Farm |
| 17:17 | Crear | Villager (Male) |
| 17:18 | Crear | Villager (Male) |
| 17:22 | Crear | Archer |
| 17:58 | Crear | Archer |
| 17:58 | Crear | Archer |
| 18:00 | Crear | Villager (Male) |
| 18:00 | Crear | Villager (Male) |
| 18:07 | Crear | Villager (Male) |
| 18:23 | Investigar | Bodkin Arrow |
| 18:27 | Crear | Villager (Male) |
| 18:34 | Crear | Archer |
| 18:34 | Crear | Archer |
| 18:39 | Construir | Farm |
| 18:40 | Construir | Farm |
| 18:40 | Construir | Farm |
| 18:45 | Crear | Archer |
| 18:54 | Crear | Villager (Male) |
| 18:55 | Crear | Villager (Male) |
| 19:00 | Construir | Farm |
| 19:01 | Crear | Villager (Male) |
| 19:28 | Crear | Villager (Male) |
| 19:28 | Crear | Villager (Male) |
| 19:35 | Construir | Town Center |
| 19:48 | Crear | Villager (Male) |
| 19:51 | Crear | Villager (Male) |
| 20:01 | Investigar | Bow Saw |
| 20:07 | Investigar | Horse Collar |
| 20:07 | Investigar | Horse Collar |
| 20:25 | Crear | Villager (Male) |
| 20:31 | Crear | Villager (Male) |
| 20:34 | Construir | House |
| 20:35 | Construir | House |
| 20:36 | Construir | House |
| 20:46 | Construir | Farm |
| 20:46 | Construir | Farm |
| 20:47 | Construir | Farm |
| 20:47 | Construir | Farm |
| 20:47 | Construir | Farm |
| 20:47 | Construir | Farm |
| 20:48 | Construir | Farm |
| 20:48 | Construir | Farm |
| 20:52 | Crear | Villager (Male) |
| 20:57 | Crear | Villager (Male) |
| 20:57 | Crear | Villager (Male) |
| 21:17 | Construir | Farm |
| 21:17 | Construir | Farm |
| 21:18 | Construir | Farm |
| 21:22 | Crear | Villager (Male) |
| 21:34 | Construir | Farm |
| 21:35 | Crear | Villager (Male) |
| 21:51 | Construir | Farm |
| 21:52 | Construir | Farm |
| 21:52 | Construir | Farm |
| 21:52 | Construir | Farm |
| 21:52 | Construir | Farm |
| 21:54 | Crear | Villager (Male) |
| 22:00 | Crear | Villager (Male) |
| 22:09 | Crear | Villager (Male) |
| 22:14 | Construir | Farm |
| 22:19 | Crear | Villager (Male) |
| 22:33 | Construir | Farm |
| 22:33 | Crear | Villager (Male) |
| 22:36 | Construir | Farm |
| 22:37 | Construir | Farm |
| 22:38 | Crear | Villager (Male) |
| 22:38 | Crear | Villager (Male) |
| 22:48 | Crear | Villager (Male) |
| 22:52 | Crear | Villager (Male) |
| 23:04 | Construir | Farm |
| 23:04 | Crear | Villager (Male) |
| 23:13 | Crear | Villager (Male) |
| 23:17 | Crear | Villager (Male) |
| 23:36 | Crear | Villager (Male) |
| 23:40 | Construir | Town Center |
| 23:46 | Crear | Villager (Male) ×3 |
| 23:59 | Crear | Villager (Male) ×3 |
Build order — [OGL] antibiyotik
Primeras 150 de 430 acciones detectadas
| 0:00 | Crear | Villager (Male) |
| 0:00 | Crear | Villager (Male) |
| 0:00 | Crear | Villager (Male) |
| 0:02 | Construir | House |
| 0:02 | Construir | House |
| 0:24 | Crear | Villager (Male) |
| 1:16 | Crear | Villager (Male) |
| 1:43 | Construir | Lumber Camp |
| 1:54 | Crear | Villager (Male) |
| 2:03 | Crear | Villager (Male) |
| 2:26 | Crear | Villager (Male) |
| 2:42 | Crear | Villager (Male) |
| 3:16 | Crear | Villager (Male) |
| 3:16 | Crear | Villager (Male) |
| 3:31 | Construir | House |
| 3:32 | Construir | House |
| 3:45 | Crear | Villager (Male) |
| 3:54 | Crear | Villager (Male) |
| 4:16 | Construir | Mill |
| 4:48 | Crear | Villager (Male) |
| 5:05 | Crear | Villager (Male) |
| 5:12 | Construir | Mill |
| 5:19 | Crear | Villager (Male) |
| 5:32 | Crear | Villager (Male) |
| 5:58 | Crear | Villager (Male) |
| 7:06 | Crear | Villager (Male) |
| 7:33 | Construir | Mining Camp |
| 7:38 | Crear | Villager (Male) |
| 7:38 | Crear | Villager (Male) |
| 8:01 | Investigar | Feudal Age |
| 9:15 | Crear | Villager (Male) |
| 9:15 | Crear | Villager (Male) |
| 9:18 | Construir | House |
| 9:44 | Construir | Mining Camp |
| 9:57 | Construir | Farm |
| 9:57 | Construir | Farm |
| 9:57 | Construir | Farm |
| 10:55 | Edad | Edad Feudal |
| 10:59 | Construir | Market |
| 11:11 | Construir | Blacksmith |
| 11:39 | Investigar | Double-Bit Axe |
| 11:51 | Investigar | Castle Age |
| 12:26 | Investigar | Horse Collar |
| 12:29 | Construir | Farm |
| 12:40 | Construir | Farm |
| 13:19 | Construir | Farm |
| 13:21 | Crear | Villager (Male) |
| 13:30 | Construir | Farm |
| 13:34 | Crear | Villager (Male) |
| 14:31 | Edad | Edad de los Castillos |
| 14:34 | Construir | Town Center |
| 14:43 | Investigar | Double-Bit Axe |
| 14:53 | Crear | Villager (Male) |
| 15:07 | Construir | House |
| 15:09 | Construir | House |
| 15:15 | Construir | House |
| 15:16 | Construir | House |
| 15:17 | Construir | House |
| 15:18 | Construir | House |
| 15:32 | Construir | Farm |
| 15:40 | Investigar | Bow Saw |
| 15:43 | Crear | Villager (Male) |
| 15:47 | Construir | Farm |
| 15:48 | Construir | Farm |
| 15:54 | Crear | Villager (Male) |
| 15:55 | Construir | Farm |
| 16:10 | Crear | Villager (Male) |
| 16:11 | Crear | Villager (Male) |
| 16:33 | Crear | Villager (Male) |
| 16:37 | Construir | Town Center |
| 16:40 | Construir | Farm |
| 16:42 | Crear | Villager (Male) |
| 16:54 | Construir | Farm |
| 16:57 | Crear | Villager (Male) |
| 17:01 | Construir | Farm |
| 17:03 | Construir | Farm |
| 17:05 | Construir | Farm |
| 17:10 | Construir | Farm |
| 17:13 | Crear | Villager (Male) |
| 17:30 | Crear | Villager (Male) |
| 17:33 | Construir | Farm |
| 17:40 | Construir | Farm |
| 17:42 | Crear | Villager (Male) |
| 17:58 | Crear | Villager (Male) |
| 18:04 | Construir | Farm |
| 18:04 | Crear | Villager (Male) |
| 18:05 | Crear | Villager (Male) |
| 18:17 | Crear | Villager (Male) |
| 18:17 | Crear | Villager (Male) |
| 18:27 | Crear | Villager (Male) |
| 18:30 | Construir | Farm |
| 18:31 | Crear | Villager (Male) |
| 18:34 | Construir | Farm |
| 18:41 | Crear | Villager (Male) |
| 18:49 | Construir | Castle |
| 18:56 | Construir | Castle |
| 18:57 | Construir | Mining Camp |
| 18:58 | Crear | Villager (Male) |
| 18:58 | Crear | Villager (Male) |
| 19:00 | Construir | Farm |
| 19:01 | Construir | Farm |
| 19:01 | Construir | Farm |
| 19:01 | Construir | Farm |
| 19:08 | Crear | Villager (Male) |
| 19:10 | Investigar | Loom |
| 19:32 | Construir | Palisade Wall |
| 19:33 | Construir | Palisade Wall |
| 19:39 | Construir | House |
| 19:48 | Construir | Palisade Gate |
| 19:52 | Construir | Palisade Wall |
| 19:55 | Crear | Villager (Male) |
| 19:56 | Crear | Villager (Male) |
| 19:57 | Construir | Farm |
| 19:57 | Construir | Farm |
| 19:57 | Construir | Farm |
| 19:58 | Construir | Farm |
| 20:01 | Crear | Villager (Male) |
| 20:02 | Crear | Villager (Male) |
| 20:06 | Crear | Villager (Male) |
| 20:06 | Crear | Villager (Male) |
| 20:07 | Crear | Villager (Male) |
| 20:15 | Crear | Villager (Male) |
| 20:36 | Crear | Villager (Male) |
| 20:36 | Crear | Villager (Male) |
| 20:49 | Crear | Longbowman |
| 20:52 | Crear | Villager (Male) |
| 20:59 | Crear | Villager (Male) |
| 20:59 | Crear | Villager (Male) |
| 21:02 | Construir | Farm |
| 21:04 | Construir | Farm |
| 21:07 | Construir | Farm |
| 21:10 | Crear | Villager (Male) |
| 21:10 | Crear | Villager (Male) |
| 21:10 | Crear | Villager (Male) |
| 21:15 | Investigar | Wheelbarrow |
| 21:16 | Crear | Villager (Male) |
| 21:20 | Crear | Longbowman |
| 21:26 | Construir | Farm |
| 21:35 | Crear | Villager (Male) |
| 21:35 | Crear | Villager (Male) |
| 21:39 | Construir | Farm |
| 21:42 | Construir | Farm |
| 21:44 | Construir | Farm |
| 21:45 | Construir | Farm |
| 21:49 | Construir | Farm |
| 21:50 | Construir | Farm |
| 21:56 | Crear | Longbowman |
| 21:56 | Crear | Longbowman |
| 22:04 | Crear | Villager (Male) |
| 22:05 | Investigar | Stone Mining |
Build order — The O.G. Manbeast
Primeras 150 de 377 acciones detectadas
| 0:00 | Crear | Villager (Male) |
| 0:01 | Crear | Villager (Male) |
| 0:01 | Crear | Villager (Male) |
| 0:03 | Construir | House |
| 0:05 | Construir | House |
| 0:32 | Crear | Villager (Male) |
| 1:34 | Crear | Villager (Male) |
| 1:42 | Crear | Villager (Male) |
| 1:48 | Construir | Lumber Camp |
| 2:17 | Construir | House |
| 2:21 | Crear | Villager (Male) |
| 2:49 | Crear | Villager (Male) |
| 3:11 | Crear | Villager (Male) |
| 3:31 | Crear | Villager (Male) |
| 3:53 | Crear | Villager (Male) |
| 4:21 | Crear | Villager (Male) |
| 4:49 | Construir | Mill |
| 5:09 | Crear | Villager (Male) |
| 5:09 | Crear | Villager (Male) |
| 5:09 | Crear | Villager (Male) |
| 5:09 | Crear | Villager (Male) |
| 5:17 | Construir | House |
| 5:37 | Crear | Villager (Male) |
| 6:34 | Crear | Villager (Male) |
| 6:37 | Construir | House |
| 7:10 | Construir | Mill |
| 7:19 | Crear | Villager (Male) |
| 7:20 | Crear | Villager (Male) |
| 8:20 | Crear | Villager (Male) |
| 8:32 | Construir | Mining Camp |
| 8:49 | Crear | Villager (Male) |
| 8:50 | Investigar | Feudal Age |
| 10:07 | Construir | Barracks |
| 10:27 | Crear | Villager (Male) |
| 10:27 | Crear | Villager (Male) |
| 11:29 | Edad | Edad Feudal |
| 11:31 | Construir | Blacksmith |
| 11:38 | Construir | Market |
| 12:42 | Investigar | Castle Age |
| 13:09 | Investigar | Double-Bit Axe |
| 13:12 | Investigar | Horse Collar |
| 13:16 | Construir | Farm |
| 13:16 | Construir | Farm |
| 13:16 | Construir | Farm |
| 13:43 | Crear | Eagle Scout |
| 13:50 | Crear | Eagle Scout |
| 14:00 | Construir | Farm |
| 14:03 | Construir | Farm |
| 14:22 | Crear | Eagle Scout |
| 14:24 | Construir | House |
| 15:19 | Crear | Villager (Male) |
| 15:22 | Edad | Edad de los Castillos |
| 15:25 | Construir | Monastery |
| 15:33 | Crear | Villager (Male) |
| 15:36 | Construir | Town Center |
| 15:38 | Crear | Villager (Male) |
| 15:38 | Crear | Villager (Male) |
| 15:44 | Construir | House |
| 16:06 | Crear | Monk |
| 16:43 | Crear | Villager (Male) |
| 16:44 | Crear | Villager (Male) |
| 16:58 | Construir | Farm |
| 16:58 | Construir | Farm |
| 16:59 | Construir | Farm |
| 16:59 | Construir | Farm |
| 17:00 | Construir | Farm |
| 17:00 | Construir | Farm |
| 17:10 | Crear | Villager (Male) |
| 17:35 | Construir | Farm |
| 17:35 | Construir | Farm |
| 17:35 | Construir | Farm |
| 17:35 | Construir | Farm |
| 17:36 | Construir | Farm |
| 17:36 | Construir | Farm |
| 17:41 | Crear | Villager (Male) |
| 18:00 | Crear | Villager (Male) |
| 18:12 | Crear | Monk |
| 18:24 | Crear | Villager (Male) |
| 18:25 | Crear | Villager (Male) |
| 18:39 | Construir | Town Center |
| 18:41 | Crear | Villager (Male) |
| 18:44 | Construir | Farm |
| 18:45 | Construir | Farm |
| 19:01 | Crear | Villager (Male) |
| 19:01 | Crear | Villager (Male) |
| 19:06 | Construir | House |
| 19:07 | Construir | House |
| 19:29 | Crear | Villager (Male) |
| 19:30 | Crear | Villager (Male) |
| 19:30 | Crear | Villager (Male) |
| 19:51 | Investigar | Bow Saw |
| 20:00 | Investigar | Heavy Plow |
| 20:00 | Crear | Villager (Male) |
| 20:01 | Crear | Villager (Male) |
| 20:13 | Crear | Villager (Male) |
| 20:13 | Crear | Villager (Male) |
| 20:16 | Crear | Villager (Male) |
| 20:35 | Construir | Farm |
| 20:35 | Construir | Farm |
| 20:36 | Construir | Farm |
| 20:36 | Construir | Farm |
| 20:37 | Crear | Villager (Male) |
| 20:40 | Crear | Villager (Male) |
| 20:44 | Crear | Villager (Male) |
| 20:55 | Crear | Villager (Male) |
| 21:12 | Crear | Villager (Male) |
| 21:18 | Crear | Villager (Male) |
| 21:20 | Crear | Villager (Male) |
| 21:27 | Crear | Villager (Male) |
| 21:33 | Construir | Farm |
| 21:34 | Construir | Farm |
| 21:34 | Construir | Farm |
| 21:34 | Construir | Farm |
| 21:34 | Construir | Farm |
| 21:35 | Construir | Farm |
| 21:35 | Construir | Farm |
| 21:35 | Construir | Farm |
| 21:42 | Construir | House |
| 21:43 | Construir | House |
| 21:44 | Construir | House |
| 21:45 | Construir | House |
| 21:46 | Construir | House |
| 21:51 | Crear | Villager (Male) |
| 21:54 | Construir | House |
| 22:00 | Construir | House |
| 22:01 | Construir | House |
| 22:04 | Crear | Villager (Male) |
| 22:10 | Investigar | Town Watch |
| 22:11 | Investigar | Loom |
| 22:13 | Crear | Villager (Male) |
| 22:13 | Crear | Villager (Male) |
| 22:17 | Construir | Farm |
| 22:17 | Construir | Farm |
| 22:18 | Construir | Farm |
| 22:18 | Construir | Farm |
| 22:18 | Construir | Farm |
| 22:19 | Construir | Farm |
| 22:19 | Construir | Farm |
| 22:42 | Crear | Villager (Male) |
| 22:42 | Crear | Villager (Male) |
| 22:43 | Crear | Villager (Male) |
| 22:43 | Crear | Villager (Male) |
| 22:47 | Construir | Mining Camp |
| 22:48 | Crear | Villager (Male) |
| 22:52 | Construir | Farm |
| 22:53 | Construir | Farm |
| 22:54 | Construir | Farm |
| 23:00 | Construir | Farm |
| 23:01 | Crear | Villager (Male) |
| 23:01 | Crear | Villager (Male) |
Cronología de la partida
| 3:56 | [OGL] ugur1616 · wall_segment Palisade Wall x1 |
| 9:50 | domhusk · first_building Barracks |
| 10:07 | The O.G. Manbeast · first_building Barracks |
| 10:55 | [OGL] antibiyotik · age_up feudal |
| 10:56 | [OGL] ugur1616 · age_up feudal |
| 11:02 | domhusk · age_up feudal |
| 11:07 | domhusk · first_building Stable |
| 11:29 | The O.G. Manbeast · age_up feudal |
| 11:59 | [OGL] ugur1616 · first_building Barracks |
| 13:07 | The O.G. Manbeast · first_market_buy 100 food |
| 13:15 | [OGL] ugur1616 · first_building Archery Range |
| 14:31 | [OGL] antibiyotik · age_up castle |
| 14:33 | [OGL] ugur1616 · age_up castle |
| 14:44 | domhusk · age_up castle |
| 15:22 | The O.G. Manbeast · age_up castle |
| 15:25 | The O.G. Manbeast · first_building Monastery |
| 17:02 | [OGL] ugur1616 · first_market_sell 100 wood |
| 17:02 | [OGL] ugur1616 · first_market_buy 100 food |
| 18:08 | domhusk · first_building Monastery |
| 18:16 | [OGL] antibiyotik · first_market_buy 100 food |
| 18:49 | [OGL] antibiyotik · first_building Castle |
| 19:32 | [OGL] antibiyotik · wall_segment Palisade Wall x1 |
| 19:33 | [OGL] antibiyotik · wall_segment Palisade Wall x1 |
| 19:52 | [OGL] antibiyotik · wall_segment Palisade Wall x1 |
| 26:07 | The O.G. Manbeast · first_building Siege Workshop |
| 26:50 | The O.G. Manbeast · wall_segment Palisade Wall x1 |
| 27:13 | domhusk · first_building Archery Range |
| 27:45 | domhusk · first_building Castle |
| 28:14 | The O.G. Manbeast · age_up imperial |
| 28:25 | [OGL] antibiyotik · first_market_sell 100 wood |
| 28:27 | [OGL] ugur1616 · first_building Monastery |
| 28:49 | [OGL] ugur1616 · first_building Castle |
| 30:37 | domhusk · age_up imperial |
| 31:30 | [OGL] antibiyotik · first_building Barracks |
| 31:58 | [OGL] antibiyotik · age_up imperial |
| 32:22 | [OGL] ugur1616 · age_up imperial |
| 32:27 | domhusk · first_market_sell 100 wood |
| 33:32 | domhusk · first_building Siege Workshop |
| 35:57 | The O.G. Manbeast · first_market_sell 100 wood |
| 37:17 | domhusk · first_market_buy 100 stone |
| 37:48 | [OGL] antibiyotik · wall_segment Stone Wall x1 |
| 38:03 | [OGL] antibiyotik · wall_segment Stone Wall x1 |
| 41:30 | [OGL] antibiyotik · resign |
[ ANÁLISIS IA · 1 CRÉDITO ]
¿Qué pasó realmente en esta partida?
Wolo.gg analiza cada decisión: build order, eco, micro, errores típicos por bracket. Análisis personalizado por WhatsApp o Discord en 30 segundos.
Guía civ
Gurjaras
Guía mapa
Arena
Perfil
Jugador #3306988